Map: Echo LE (Void)

Players

Emil

  • Race: Terran Terran
  • League: Diamond

Dedhawanna - Winner!

  • Race: Terran Terran
  • League: Diamond

VOD

Have the link to the VOD?

Description

Time

  • Played on: Nov. 24, 2016, 2:36 p.m.
  • Length: 7:14
Show
View Real Time Build Order
Export as new Build Order

Emil Terran 

Build Orders:  

Get SALT Encoding   

  12  0:02  SCV  
  13  0:13  Supply Depot  
  13  0:18  SCV  
  14  0:27  Refinery  
  14  0:34  SCV  
  15  0:43  Barracks  
  15  0:46  SCV  
  16  1:02  SCV  
  16  1:14  SCV  
  17  1:26  SCV  
  18  1:39  Orbital Command  
  18  1:44  Marine  
  18  1:45  Factory  
  19  2:05  Command Center  
  19  2:16  Barracks Reactor  
  19  2:18  SCV  
  20  2:25  Refinery  
  20  2:30  Hellion, SCV  
  23  2:44  Supply Depot  
  23  3:05  Barracks Tech Lab  
  23  3:06  Hellion x2, Factory, SCV  
  28  3:20  Starport  
  28  3:21  Orbital Command  
  28  3:29  SCV  
  28  3:32  Hellion  
  31  3:39  Hellion  
  33  3:56  Cyclone  
  36  4:11  Liberator  
  36  4:14  Marine  
  36  4:15  Engineering Bay  
  37  4:18  Supply Depot  
  38  4:32  Marine  
  43  4:38  Hellion x2  
  43  4:40  Siege Tank  
  46  4:50  Missile Turret  
  46  4:59  Hellion  
  50  5:00  Hellion, SCV x2  
  50  5:03  Missile Turret  
  38  5:40  Siege Tank  
  32  5:45  Hellion  
  36  6:02  Marine  
  33  6:08  Liberator  
  24  6:12  Siege Tank  
  24  6:21  Marine  
  26  6:39  Marine  
  27  6:45  Hellion  
  21  7:00  Missile Turret  
  20  7:01  Missile Turret  
Show
View Real Time Build Order
Export as new Build Order

Dedhawanna Terran - Winner!

Build Orders: 1/1/1, Banshee Rush 

Get SALT Encoding   

  12  0:01  SCV  
  13  0:13  SCV  
  14  0:18  Supply Depot  
  14  0:26  Refinery  
  14  0:30  SCV  
  15  0:43  Barracks  
  15  0:49  SCV  
  16  1:02  SCV  
  16  1:14  Refinery  
  16  1:15  SCV  
  17  1:30  Orbital Command  
  17  1:32  Marine  
  18  1:39  Factory  
  18  1:49  Marine  
  19  1:55  Supply Depot  
  19  2:01  SCV  
  20  2:08  Marine  
  20  2:13  SCV  
  22  2:24  Factory Tech Lab  
  22  2:27  Starport  
  22  2:29  Marine  
  23  2:33  SCV  
  24  2:43  Siege Tank  
  27  2:46  SCV  
  27  2:47  Marine  
  29  2:55  Supply Depot  
  29  3:01  SCV  
  29  3:05  Starport Tech Lab  
  30  3:07  Marine  
  31  3:16  Siege Tank  
  34  3:21  Engineering Bay  
  34  3:28  Banshee  
  37  3:35  Cloaking Field  
  37  3:40  Supply Depot  
  37  3:44  Marine  
  38  4:02  Siege Tank  
  41  4:04  Marine  
  42  4:15  Viking  
  44  4:20  Supply Depot  
  44  4:34  Marine  
  45  4:42  Siege Tank  
  48  4:45  Supply Depot  
  48  4:52  Viking  
  46  5:42  Siege Tank, Viking  
  49  5:43  Marine  
  49  5:48  SCV  
  53  6:00  SCV  
  52  6:16  Marine  
  52  6:17  Siege Tank, Viking  
  51  6:35  Marine  
  52  6:54  Marine  
Tags
 
Matchup
TvT
Opening
1/1/1
Race
Terran
Replay Pack
EmSC2Tv
Strategy
Banshee Rush
Add a new tag
Caveats
  • Supply blocks, unpowered buildings, or Contaminate may cause inaccurate times.
  • Supply counts are checked every 10 seconds.